[Event "CCT Julius Baer-D3 2024"]
[Site "Online"]
[Date "2024.09.28"]
[Round "52"]
[White "Hakobyan, Aram"]
[Black "Svane, Rasmus"]
[Result "1-0"]
[ECO "C67"]
[WhiteElo "2617"]
[BlackElo "2629"]
[Annotator "TA"]
[PlyCount "69"]
[EventDate "2024.09.25"]
[EventType "swiss"]
[EventCountry "NET"]
[SourceTitle "playchess.com"]
[Source "ChessBase"]
[SourceQuality "1"]
[TimeControl "600+2"]

1. e4 e5 2. Nf3 Nc6 3. Bb5 Nf6 4. O-O Nxe4 5. Re1 Nd6 6. Nxe5 Be7 7. Bd3 Nxe5 8. Rxe5 O-O 9. Nc3 c6 10. Re1 Ne8 11. Qe2 Bf6 {[%emt 0:00:08] Die Stellung ist ausgeglichen.} 12. Ne4 Be5 (12... Bd4 $11) 13. Qh5 $16 f5 {[%emt 0:01:39] [#]} 14. Ng5 $40 {[%emt 0:00:03][%mdl 128] Weiss geht auf den König.} Nf6 15. Qh4 d6 16. Bc4+ d5 17. Rxe5 dxc4 18. Qxc4+ Nd5 19. d4 {[%emt 0:00:09] Weiß hat aktiveres Spiel. Die schwarzen Türme stehen passiv.} h6 {[%emt 0:00:38] Schwarz hat schwache schwarze Felder} 20. Nf3 Qf6 21. Qe2 b5 22. Bd2 Bd7 23. a4 a6 24. b3 b4 25. a5 f4 26. Qc4 Bg4 (26... Rab8 {ist eine bessere Verteidigung.} 27. Ra4 (27. Qxa6 Rb5 $16) 27... Qd6) 27. Rae1 (27. Bxb4 $142 Bxf3 28. gxf3 (28. Bxf8 Qg6 $11)) 27... Bxf3 (27... Qg6 {ist wohl besser.} 28. Nh4 Qd6) 28. gxf3 $18 Qg6+ 29. Kh1 Rf6 $2 {[%emt 0:00:01] [#]} (29... Kh8 30. h3 (30. Bxb4 Nxb4 31. Qxb4 Qxc2 $16) 30... Kh7) 30. Rxd5 cxd5 31. Qxd5+ Kh7 32. Qxa8 Rc6 33. Bxf4 (33. Re8 $142 Qxe8 34. Qxe8 Rc7 35. Bxf4 (35. Qe4+ g6 $18) 35... Rc3 36. Bd6 (36. Qe4+ Kh8 37. Be5 Kg8 38. Qb7 Kf8 39. Bxg7+ Ke8 40. Bf6 Rc7 41. Qxc7 Kf8 42. Qg7+ Ke8 43. Qe7#) 36... h5 37. Be5 (37. Bxb4 Rc7 38. d5 Kh6 39. d6 Rxc2 40. Qe6+ Kh7 41. Qe4+ g6 42. Qxc2 h4) 37... Rxf3 38. Qxh5+ Kg8 39. Qxf3) 33... Qxc2 34. Rc1 (34. Re8 $142 Kg6 35. Kg2 Rf6 36. Be5 Kh5 37. Qe4 Qxe4 38. fxe4 Rf7 39. d5) 34... Qxf2 35. Qxc6 {[%emt 0:00:02] Schwarz wurde aus der Eröffnung heraus überspielt.   Gewichteter Fehlerwert: Weiß=0.16 (sehr präzise) /Schwarz=0.94.  Fehler:       	Weiß=1     	Schwarz=4     Ungenau:       	---       	Schwarz=2     OK:         	Weiß=10    	Schwarz=6     Bester:       	Weiß=2     	Schwarz=3} (35. Rxc6 $2 Qf1#) 1-0

[Event "CCT Julius Baer-D3 2024"]
[Site "Online"]
[Date "2024.09.28"]
[Round "52"]
[White "Kamsky, Gata"]
[Black "Martirosyan, Haik M."]
[Result "1/2-1/2"]
[ECO "D00"]
[WhiteElo "2609"]
[BlackElo "2667"]
[Annotator "RC"]
[PlyCount "162"]
[EventDate "2024.09.25"]
[EventType "swiss"]
[EventCountry "NET"]
[SourceTitle "playchess.com"]
[Source "ChessBase"]
[SourceQuality "1"]
[TimeControl "600+2"]

1. d4 Nf6 2. Bf4 d5 3. e3 c5 4. c3 Nc6 5. Nd2 cxd4 6. exd4 Bf5 7. Ngf3 e6 8. Bb5 Nd7 9. O-O Be7 10. Re1 O-O 11. a4 Rc8 12. h3 Qb6 13. Nb3 a6 14. Bf1 h6 15. a5 Qd8 16. Qd2 Re8 17. Ne5 Ndxe5 18. dxe5 Bg6 19. Ra4 Qd7 20. Raa1 Red8 21. Red1 Qc7 22. Qe2 Rd7 23. Bg3 Qd8 24. Ra4 Bf5 25. Rd2 Bg5 26. f4 Bh4 27. Bxh4 Qxh4 28. Qf2 Qxf2+ 29. Kxf2 Rdc7 30. Nd4 Ne7 31. Rb4 Be4 32. g3 Rd7 33. Rb6 Kf8 34. Be2 Rc5 35. Nb3 Rcc7 36. Nd4 Rc5 37. Nb3 Rcc7 38. h4 Nc8 39. Rb4 Ne7 40. h5 Ke8 41. Nd4 Rc5 42. Ra4 Kd8 43. g4 Rc8 44. Ke3 Bh7 45. Ra1 Nc6 46. Nxc6+ Rxc6 47. Rd4 Rc5 48. Rb4 Kc7 49. Kd4 Rc6 50. Ra3 Bc2 51. Ra1 Rd8 52. Rg1 Rf8 53. Rc1 Bh7 54. Rf1 f6 55. Ra4 Kb8 56. Raa1 Rc7 57. Rae1 Be4 58. exf6 gxf6 59. Bd3 Bxd3 60. Kxd3 Rg7 61. Rg1 Re8 62. Kd4 Kc7 63. g5 fxg5 64. fxg5 hxg5 65. Ke5 Rh8 66. Kf6 Rgg8 67. Rxe6 Rxh5 68. Re7+ Kc6 69. Re6+ Kc7 70. Re7+ Kb8 71. Rg4 Rh4 72. Rxg5 Rf4+ 73. Ke5 Rxg5+ 74. Kxf4 Rg2 75. b4 Rc2 76. Ke5 Rxc3 77. Kxd5 Rc1 78. Rf7 Rc2 79. Re7 Rc1 80. Rf7 Rc2 81. Re7 Rc1 1/2-1/2

[Event "CCT Julius Baer-D3 2024"]
[Site "Online"]
[Date "2024.09.28"]
[Round "52"]
[White "Bosiocic, Marin"]
[Black "Santos Latasa, Jaime"]
[Result "1-0"]
[ECO "A30"]
[WhiteElo "2555"]
[BlackElo "2624"]
[Annotator "TA"]
[PlyCount "95"]
[EventDate "2024.09.25"]
[EventType "swiss"]
[EventCountry "NET"]
[SourceTitle "playchess.com"]
[Source "ChessBase"]
[SourceQuality "1"]
[TimeControl "600+2"]

1. Nf3 Nf6 2. g3 c5 3. c4 b6 4. Bg2 Bb7 5. O-O g6 6. d4 cxd4 7. Qxd4 Bg7 8. Nc3 d6 9. Be3 Nbd7 10. Rac1 Rc8 11. b3 O-O 12. Qh4 Re8 13. g4 a6 14. g5 {[%emt 0:00:03] The position is equal.} Nh5 15. Nd5 b5 16. Nd4 $1 {[%emt 0:00:19][%cal Od5e7] Strongly threatening Nxe7+!} e5 {[%emt 0:01:59] [#]} (16... Nc5 $11 {keeps the balance.}) 17. Nf5 $1 $16 {[%emt 0:00:05] White has more active pieces.} gxf5 (17... Bxd5 18. Bxd5) 18. Qxh5 bxc4 19. bxc4 (19. Rxc4 Rxc4 20. bxc4 e4 $11) 19... f4 20. Bd2 Nf8 {[%emt 0:00:29] [#]} (20... Nc5 $16 21. Rfd1 Re6) 21. Nf6+ $1 Bxf6 22. Bxb7 Bg7 23. Bxc8 (23. Bxa6 $6 Ra8 24. Bb7 (24. Bb5 Re6 $16) 24... Rxa2 $16) 23... Qxc8 24. e3 ({Better is} 24. Bb4 $18) 24... Ne6 (24... Qf5 $16 25. h3 Ne6) 25. exf4 exf4 26. Rfe1 (26. Bc3 $142) 26... Qc6 27. Qg4 Be5 (27... Bb2 $142) 28. Bc3 (28. Qg2 $16 Qa4 (28... Qxg2+ 29. Kxg2 Rc8 30. h4 $18) 29. Qd5) 28... Qc5 (28... Bxc3 $1 $11 {and Black is okay.} 29. Rxc3 Nd4 30. Rxe8+ Qxe8) 29. Re4 $2 (29. Qf5 $18) 29... Qa3 $1 $15 30. Bd2 Qd3 $1 31. Qe2 Qxe2 (31... Qh3 $15 32. Rxe5 dxe5 (32... f3 33. Qf1 $15) 33. Qxe5 Qg4+ 34. Kh1 Qf3+ 35. Kg1 Qg4+ 36. Kh1 Qf3+ 37. Kg1 Qg4+) 32. Rxe2 $11 {[%emt 0:00:07] And now Bc3 would win.} Nd4 $1 $132 {[%emt 0:00:01][%mdl 2048] Black is fighting back} 33. Rce1 Rc8 34. Rxe5 $1 dxe5 {[%emt 0:00:07][%mdl 4096] Endgame. KRB-KRN} 35. Kg2 {[%emt 0:00:02] Wards off Nf3} Rc5 36. Re4 Nc6 37. Kf3 {[%emt 0:00:07] [#]} (37. a3 $11) 37... h6 $1 38. h4 $1 hxg5 39. hxg5 Kg7 40. Kg4 Kg6 41. Bc3 a5 (41... f3 $5) 42. a3 Kg7 (42... f3 $11 {remains equal.}) 43. Rxf4 $16 Kf8 {[%emt 0:00:04] Black cannot hold the game after this.} (43... Kg6 $16 44. Re4 Nd4) 44. Re4 $18 Kg8 45. f4 exf4 (45... f6 $18 46. gxf6 exf4 47. Kxf4 Kf8) 46. Re8+ {[%emt 0:00:03] White mates.} Kh7 47. Rh8+ Kg6 48. Rh6# {[%emt 0:00:01] Weighted Error Value: White=0.36/Black=0.59.  Loses game:     	---       	Black=1      Missed win:     	White=1     	---        Mistake:       	White=4     	Black=9      Inaccurate:     	White=2     	Black=4      OK:         	White=9     	Black=9      Best:        	White=5     	Black=1      Strong:       	White=3     	Black=3      Brilliant:      	White=1     	---} 1-0

[Event "CCT Julius Baer-D3 2024"]
[Site "Online"]
[Date "2024.09.28"]
[Round "52"]
[White "Makarian, Rudik"]
[Black "Deac, Bogdan-Daniel"]
[Result "1/2-1/2"]
[ECO "D32"]
[WhiteElo "2550"]
[BlackElo "2680"]
[Annotator "TA"]
[PlyCount "92"]
[EventDate "2024.09.25"]
[EventType "swiss"]
[EventCountry "NET"]
[SourceTitle "playchess.com"]
[Source "ChessBase"]
[SourceQuality "1"]
[TimeControl "600+2"]

1. d4 Nf6 2. c4 e6 3. Nf3 d5 4. Nc3 c5 5. e3 Nc6 6. cxd5 exd5 7. Bb5 cxd4 8. Nxd4 Bd7 9. O-O Bd6 10. Qb3 a6 11. Be2 Na5 12. Qd1 O-O 13. Bf3 Be6 14. Nce2 Nc6 15. b3 Qc7 16. h3 Nxd4 17. Nxd4 Qe7 18. Bb2 Bc7 19. h4 Ne4 20. Bxe4 (20. Nxe6 $14 Qxe6 21. Re1) 20... dxe4 $11 ({But not} 20... Qxh4 $6 21. f4 dxe4 22. Nxe6 fxe6 23. Qc2 $16) 21. Rc1 Rac8 22. Qh5 Bd6 (22... Qd6 {is more complex.} 23. g3 Bh3 24. Nf5 Qd7) 23. Rfd1 Rxc1 24. Rxc1 Bd7 25. Qd5 Qe5 26. Qxe5 Bxe5 27. Rc2 Bxd4 28. Bxd4 {[%emt 0:00:01][%mdl 4096] Endgame. KRB-KRB} Rc8 29. Rd2 Be6 30. Kh2 f6 31. Kg3 Rd8 32. Kf4 Kf7 33. Rc2 Rc8 (33... Rd7 $11) 34. Rd2 (34. Rxc8 $14 Bxc8 35. Kxe4) 34... Rd8 {[%emt 0:00:01] The position is equal.} 35. g3 Bd5 36. Rc2 Bc6 37. g4 h6 38. Rc1 g5+ 39. Kg3 Rg8 40. hxg5 hxg5 41. Rh1 Kg6 42. Rc1 Rd8 43. Rc5 Rd5 44. Rxd5 Bxd5 45. Bb2 f5 46. gxf5+ Kxf5 {[%emt 0:00:00] Weighted Error Value: White=0.07 (flawless) /Black=0.08 (flawless) .  Mistake:       	White=2     	Black=1      Inaccurate:     	---       	Black=2      OK:         	White=10    	Black=12     Best:        	---       	Black=1} 1/2-1/2